FIQ, neutral male gnomish Healer ------------ --.|..--.--.-- ---............| h |.............-| |....----......----. B .-------------..------......|... ^ .).........................).... -----.--------------------...... |...-- ------.--- --..... |..... --..--....-----%... ..... |...........---Gh.. G .... -.............G.. -..- ................. ^ -<.. -............ ... |.......--.... ---..------.G.f ---- ---- FIQ the Rhizotomist Experience level: 1 Strength: 9 Dexterity: 9 Constitution: 15 Intelligence: 9 Wisdom: 15 Charisma: 17 Health: 0(14) Energy: 6(6) Def: 2 Gold: 2039 Moves: 1008 Dungeon seed: ARRYPciibdsQZBx_ Game ID: FIQ_1444071739 Your Inventory: Coins $ - 2039 gold pieces Weapons a - a blessed +0 scalpel (weapon in hand) m - an uncursed +2 aklys (alternate weapon; not wielded) Armor e - an uncursed +1 pair of leather gloves (being worn) Comestibles l - 6 uncursed apples w - 13 blessed eucalyptus leaves Scrolls y - a cursed scroll of remove curse z - an uncursed scroll of remove curse A - an uncursed scroll of food detection B - an uncursed scroll of enchant weapon C - an uncursed scroll of create monster D - an uncursed scroll of destroy armor E - an uncursed scroll of teleportation F - a cursed scroll of destroy armor G - 2 uncursed scrolls of identify H - a blessed scroll of destroy armor I - a cursed scroll of create monster J - an uncursed scroll of confuse monster K - an uncursed scroll of light Spellbooks h - a blessed spellbook of healing i - a blessed spellbook of extra healing j - a blessed spellbook of stone to flesh Potions c - 4 uncursed potions of healing d - a blessed potion of extra healing f - 3 uncursed potions of extra healing x - an uncursed potion of hallucination Wands g - an uncursed wand of sleep (0:5) v - an uncursed wand of enlightenment (0:13) Tools s - an uncursed stethoscope Spells and supernatural/magical abilities: Name Level Category Fail Memory h - healing 1 healing 8% 95% x - extra healing 3 healing 100% 95% S - stone to flesh 3 healing 100% 95% W - pray for help -- divine ? -- Your skills at the end: Miscellaneous Skills wands [Basic] Weapon Skills knife [Basic] crossbow [Basic] Spellcasting Skills healing spells [Basic] Final Attributes: You were devoutly aligned. You were poison resistant. You were invulnerable. You had infravision. You are dead. Vanquished creatures: a hobbit a large kobold a gecko 2 giant rats a gnome a gnome zombie 3 jackals a kobold 4 newts 3 goblins 2 sewer rats 20 creatures vanquished. Voluntary challenges: You did not adorn yourself with jewelry or accessories. You used a wielded weapon 1 time, starting on turn 337. You were a pacifist. You did not use containers. You did not apply a unicorn horn. You read items or engraved 1 time, starting on turn 8. You never genocided any monsters. You never polymorphed an object. You never changed form. You used no wishes. You never split a pudding. You wrote Elbereth's name 1 time, starting on turn 8. You never violated your personal moral code. Dungeon overview: The Dungeons of Doom: levels 1 to 2 Level 1 a fountain a long staircase Level 2 a scroll shop stairs to The Gnomish Mines The Gnomish Mines: Level 3 <- You were here stairs to The Dungeons of Doom History has recorded: On T:1 you entered the Dungeons of Doom to retrieve the Amulet of Yendor! On T:306 you reached level 2 of The Dungeons of Doom. On T:804 you reached level 1 of The Gnomish Mines. Score breakdown: Gold: 161 ( 16 points) Experience: 1 level ( 0 points) Exploration: 3 levels ( 60 points) Discoveries: 3 items ( 150 points) Variety of kills: 11 monsters ( 550 points) Major goal: (nothing yet) ( 0 points) Survival: died (score multiplied by 3) Total score: 2328 Latest messages: You bought 2 scrolls of identify for 30 gold pieces. The price is deducted from your credit. You bought a scroll labeled DUAM XNAHT for 75 gold pieces. The price is deducted from your credit. You bought a scroll labeled KIRJE for 75 gold pieces. The price is deducted from your credit. You bought a scroll labeled DUAM XNAHT for 75 gold pieces. The price is deducted from your credit. You bought a scroll labeled YUM YUM for 200 gold pieces. The price is deducted from your credit. You bought a scroll labeled VE FORBRYDERNE for 45 gold pieces. The price is deducted from your credit. You bought a scroll called enchant weap/arm/remcurse for 60 gold pieces. "Thank you for shopping in Sneem's second-hand bookstore!" You begin praying to Hermes. You are surrounded by a shimmering light. Click! The housecat triggers something. You are hit by a boulder. You die... Final status: Goodbye FIQ the Healer, killed by a boulder, while praying... You died in The Gnomish Mines on dungeon level 3 with 2328 points, and 2039 pieces of gold, after 1008 moves. You were level 1 with a maximum of 14 hit points when you died.